Map: Aire du défenseur EC

Players

RedBaron - Winner!

  • Race: Zerg Zerg
  • Spawn Location: 7:00

VOD

Have the link to the VOD?

Description

Time

  • Played on: May 11, 2017, 1:02 p.m.
  • Length: 6:28
Show
View Real Time Build Order
Export as new Build Order

RedBaron Zerg - Winner!

Build Orders: 3 Hatch before Pool 

Get SALT Encoding   

  12  0:03  Drone  
  12  0:13  Overlord  
  12  0:22  Drone  
  12  0:37  Drone x3  
  12  1:00  Hatchery  
  12  1:04  Drone  
  12  1:08  Drone  
  12  1:27  Hatchery  
  12  1:30  Drone  
  12  1:33  Extractor  
  12  1:35  Drone  
  12  1:51  Spawning Pool  
  12  1:53  Drone  
  12  1:56  Drone  
  12  2:04  Overlord  
  12  2:09  Drone  
  12  2:21  Drone  
  12  2:24  Drone  
  12  2:27  Drone  
  12  2:28  Drone  
  12  2:37  Queen, Drone  
  12  2:43  Queen  
  12  2:48  Zergling x2  
  12  2:52  Drone x2  
  12  2:59  Drone x3  
  12  3:04  Drone x2  
  12  3:09  Overlord  
  12  3:19  Queen  
  12  3:29  Evolution Chamber  
  12  3:30  Drone x3  
  12  3:36  Queen  
  12  3:37  Roach Warren  
  12  3:42  Spore Crawler  
  12  3:45  Spore Crawler  
  12  3:48  Drone x2  
  12  3:57  Overlord x2  
  12  4:09  Overlord  
  12  4:14  Zerg Ground Armor Level 1  
  12  4:16  Lair  
  12  4:18  Roach x2  
  12  4:19  Zergling x2  
  12  4:24  Roach  
  12  4:27  Roach  
  12  4:29  Zergling x2  
  12  4:31  Extractor  
  12  4:34  Drone, Extractor  
  12  4:35  Drone x2  
  12  4:41  Drone x3  
  12  4:54  Drone x2  
  12  4:55  Drone x4  
  12  5:05  Drone x2  
  12  5:18  Roach x5  
  12  5:23  Overlord x2  
  12  5:34  Overlord x2  
  12  5:43  Roach  
  12  5:44  Roach x5  
  12  5:45  Zergling x2  
  12  5:54  Roach x3  
  12  5:55  Roach  
  12  5:57  Zergling x2  
  12  6:22  Ravager x3  
Tags
 
Add a new tag
Caveats
  • Supply blocks, unpowered buildings, or Contaminate may cause inaccurate times.
  • Supply counts are checked every 10 seconds.